 Dungeon Crawl Stone Soup version 0.27-a0-1501-g9d6fb14e67 (webtiles) character file.

Game seed: 13842232679589668512

788 Lekart the Slasher (level 7, 0/54 HPs)
             Began as a Yellow Draconian Chaos Knight on July 8, 2021.
             Was a Plaything of Xom.
             Slain by a scorpion (2 damage)
             ... in an ossuary.
             The game lasted 00:08:58 (5314 turns).

Lekart the Slasher (Yellow Draconian Chaos Knight)  Turns: 5314, Time: 00:08:58

Health: 0/54       AC:  7    Str: 14    XL:     7   Next: 56%
Magic:  10/10      EV: 13    Int: 12    God:    Xom [.....*]
Gold:   217        SH:  0    Dex: 13    Spells: 12/12 levels left

rFire    . . .     SeeInvis .   a - +0 falchion (chaos)
rCold    . . .     Faith    .   (no shield)
rNeg     . . .     Spirit   .   (armour unavailable)
rPois    .         Reflect  .   (helmet restricted)
rElec    .         Harm     .   (no cloak)
rCorr    +         Rampage  .   (no gloves)
Will     .....     Rnd*Tele +   i - +0 pair of boots
Stlth    +.........             (no amulet)
HPRegen  0.18/turn              (no ring)
MPRegen  0.12/turn              (no ring)

@: about to teleport
A: spit acid, AC +6, unfitting armour, cold-blooded, acid resistance, frail 1,
low mp 1, screaming 1, teleportitis 1, MP-powered wands
a: Breathe Acid, Renounce Religion


You were in an ossuary.
You worshipped Xom.
You were Xom's teddy bear.
You visited 2 branches of the dungeon, and saw 6 of its levels.
You also visited: Ossuary.

You collected 217 gold pieces.

Inventory:

Hand Weapons
 a - a +0 falchion of chaos (weapon)
Missiles
 l - 2 throwing nets (quivered)
Armour
 i - a +0 pair of boots (worn)
Jewellery
 e - a +6 ring of dexterity
Scrolls
 b - a scroll of identify {unknown}
 c - 3 scrolls of teleportation
Potions
 g - a potion of curing


   Skills:
 + Level 5.3 Fighting
 + Level 6.0 Long Blades
 + Level 4.1 Dodging
 * Level 3.2 Spellcasting


You had 12 spell levels left.
You didn't know any spells.
Your spell library contained the following spells:

 Spells                   Type           Power      Damage    Failure   Level
 Static Discharge         Conj/Air       1%         N/A       36%         2
 Dispel Undead            Necr           1%         3d6       94%         4
 Sticky Flame             Conj/Fire      1%         2d3       94%         4


Dungeon Overview and Level Annotations

Branches:
Dungeon (5/15)             Temple (1/1) D:4         Ossuary (1/1)

Altars:
Ashenzari
Dithmenos
Elyvilon
Gozag
Kikubaaqudgha
Nemelex Xobeh
Okawaru
Qazlal
Sif Muna
Trog
Uskayaw
Wu Jian
Zin
The Shining One

Annotations:
D:4 Ijyb


Innate Abilities, Weirdness & Mutations

You can spit globs of acid.
Your golden yellow scales are hard. (AC +6)
You cannot fit into any form of body armour.
You are cold-blooded and may be slowed by cold attacks.
You are resistant to acid. (rCorr)
You are frail. (-10% HP)
Your magical capacity is low. (-10% MP)
You occasionally shout uncontrollably at your foes.
You are occasionally teleported next to monsters.
You expend magic power (3 MP) to strengthen your wands.


Message History

You are no longer poisoned.
You start resting.
A scorpion comes into view.
A scorpion is nearby!
A scorpion is nearby!
You hit the scorpion but do no damage.
You tail-slap the scorpion, but do no damage.
The scorpion stings you.
You hit the scorpion but do no damage.
The scorpion goes berserk!
Your tail-slap misses the scorpion.
The scorpion misses you.
You riposte.
You closely miss the scorpion. The scorpion stings you!
* * * LOW HITPOINT WARNING * * *
You are poisoned.
The scorpion poisons you!
You closely miss the scorpion.
* * * LOW HITPOINT WARNING * * *
You feel very sick. The scorpion stings you.
* * * LOW HITPOINT WARNING * * *
The scorpion stings you!
You die... "Just one more try."
Xom revives you!
You feel much better.
You feel sick. The scorpion stings you. x2
* * * LOW HITPOINT WARNING * * *
You are lethally poisoned!
The scorpion poisons you!
You feel better. The scorpion closely misses you. The scorpion stings you!
* * * LOW HITPOINT WARNING * * *
The scorpion misses you.
You aren't carrying any items that you can evoke.
As you read the scroll of teleportation, it crumbles to dust.
You feel strangely unstable. The scorpion stings you!
* * * LOW HITPOINT WARNING * * *
The scorpion stings you!
You die...
Xom is feeling generous.
Xom revives you! The scorpion stings you.
You die...
Xom roars with laughter!

#.....#.....#...#...
#.....#.....'...#.∩.
#.....8.....#...#...
#...........##'###'#
#...........#s?!#...
###8.....8###!.?#...
#...........#??.#..s
#...s.......######8Z
#..@..8.....#^^^#...
#.....#.....+^^^#...
#.....#.....#^^^#...
##+###########+#####


You could see a scorpion (berserk).

Vanquished Creatures
  Grinder (D:4)
  2 phantoms (D:4)
  A scorpion (D:4)
  A hound (D:3)
  A human zombie (Ossuary)
  2 iguanas
  An orc wizard (D:3)
  A mummy (Ossuary)
  3 adders (D:2)
  4 gnolls (D:4)
  An adder skeleton (D:4)
  A dart slug (D:3)
  6 orcs
  7 ball pythons
  A bat zombie (D:3)
  6 endoplasms
  3 giant cockroaches
  2 goblins
  2 hobgoblins
  2 jackals (D:1)
  4 quokkas
  3 bats
  A frilled lizard (D:1)
  4 goblin zombies (Ossuary)
  5 kobolds
  A kobold zombie (Ossuary)
  2 rats
  2 rat zombies (D:3)
70 creatures vanquished.

Vanquished Creatures (collateral kills)
  A gnoll shaman (D:2)
  An orc wizard (D:3)
  3 gnolls (D:2)
  2 orcs (D:3)
  A giant cockroach (D:3)
8 creatures vanquished.

Grand Total: 78 creatures vanquished

Notes
Turn   | Place    | Note
-------+----------+-------------------------------------------
     0 | D:1      | Lekart the Draconian Chaos Knight began the quest for the
                  | Orb.
     0 | D:1      | Reached XP level 1. HP: 19/19 MP: 1/1
   129 | D:1      | XOM: silly message
   185 | D:1      | XOM: god gift: quarterstaff {god gift}
   224 | D:1      | Reached XP level 2. HP: 19/26 MP: 2/2
   618 | D:1      | XOM is BORED!
   618 | D:1      | XOM: give mutations
   618 | D:1      | Gained mutation: You sometimes lose the ability to read
                  | scrolls when taking damage. [Xom's mischief]
   618 | D:1      | Gained mutation: You are clumsy. (Dex -2) [Xom's mischief]
   986 | D:2      | XOM: cloud trail
  1007 | D:2      | XOM: fake destruction
  1008 | D:2      | XOM: confuse monster(s)
  1147 | D:2      | Reached XP level 3. HP: 33/33 MP: 4/4
  1155 | D:2      | XOM: god gift: viscous white potion {god gift}
  1158 | D:2      | XOM: fog
  1172 | D:2      | XOM: 9-stop teleportation journey
  1224 | D:2      | XOM: summons 3 friendly demons
  1235 | D:2      | Reached skill level 1 in Spellcasting
  1410 | D:2      | Reached XP level 4. HP: 11/40 MP: 5/5
  1443 | D:2      | XOM: cloud trail
  1824 | D:2      | XOM: stat loss: -1 Dex (9/10)
  1962 | D:3      | Noticed a scorpion
  1962 | D:3      | a scorpion changed into a hound
  1962 | D:3      | XOM: polymorph scorpion -> hound
  1972 | D:3      | Reached skill level 4 in Long Blades
  2047 | D:3      | XOM: summons 1 hostile demon
  2064 | D:3      | XOM: 1-stop teleportation journey
  2316 | D:3      | Found a shimmering blue altar of Sif Muna.
  2382 | D:3      | XOM: summons 2 friendly demons
  2387 | D:3      | Reached XP level 5. HP: 35/47 MP: 7/7
  2498 | D:3      | XOM: silly message
  2570 | D:2      | Lost mutation: You are clumsy. (Dex -2) [potion of
                  | mutation]
  2570 | D:2      | Lost mutation: You sometimes lose the ability to read
                  | scrolls when taking damage. [potion of mutation]
  2570 | D:2      | Gained mutation: Your magical capacity is low. (-10% MP)
                  | [potion of mutation]
  2570 | D:2      | Gained mutation: Your magical capacity is very low. (-20%
                  | MP) [potion of mutation]
  2570 | D:2      | Gained mutation: You are clumsy. (Dex -2) [potion of
                  | mutation]
  2571 | D:2      | Lost mutation: You are clumsy. (Dex -2) [potion of
                  | mutation]
  2571 | D:2      | Lost mutation: Your magical capacity is very low. (-20% MP)
                  | [potion of mutation]
  2571 | D:2      | Gained mutation: Your muscles are strong. (Str +2) [potion
                  | of mutation]
  3068 | D:3      | XOM: god gift: 32 gold pieces
  3084 | D:3      | XOM: noise
  3110 | D:3      | Found an ancient bone altar of Kikubaaqudgha.
  3195 | D:3      | XOM: summons 3 hostile demons
  3208 | D:3      | XOM: give mutation
  3208 | D:3      | Gained mutation: You expend magic power (3 MP) to
                  | strengthen your wands. [Xom's mischief]
  3419 | D:4      | Found a staircase to the Ecumenical Temple.
  3429 | Temple   | Entered the Ecumenical Temple
  3535 | Temple   | XOM: torment (25/47 hp)
  3785 | D:4      | XOM: 1-stop teleportation journey
  3786 | D:4      | Noticed Grinder
  3786 | D:4      | Noticed a phantom
  3787 | D:4      | XOM: summons 5 friendly demons
  3836 | D:4      | XOM: blink monster(s)
  3838 | D:4      | Reached XP level 6. HP: 23/53 MP: 8/8
  3876 | D:4      | XOM: give mutations
  3876 | D:4      | Gained mutation: You occasionally shout uncontrollably at
                  | your foes. [Xom's mischief]
  3876 | D:4      | Lost mutation: Your muscles are strong. (Str +2) [Xom's
                  | mischief]
  3876 | D:4      | Gained mutation: You are occasionally teleported next to
                  | monsters. [Xom's mischief]
  3876 | D:4      | Gained mutation: You are frail. (-10% HP) [Xom's mischief]
  4078 | D:4      | Noticed Ijyb
  4215 | D:4      | XOM: 1-stop teleportation journey
  4390 | D:4      | XOM: enchant monster (good)
  4399 | D:4      | Reached skill level 5 in Long Blades
  4404 | D:4      | Reached skill level 5 in Fighting
  4559 | D:4      | XOM: potion effect (might)
  4568 | D:4      | Paralysed by Grinder for 3 turns
  4574 | D:4      | Killed Grinder
  4575 | D:4      | Your scales start taking on a golden yellow colour.
  4575 | D:4      | Reached XP level 7. HP: 22/54 MP: 8/10
  4575 | D:4      | Gained mutation: You are resistant to acid. (rCorr) [Yellow
                  | Draconian growth]
  4609 | D:4      | XOM: cloud trail
  4752 | D:4      | Found a bloodstained altar of Trog.
  4847 | D:4      | XOM: silly message
  5117 | D:5      | Entered Level 5 of the Dungeon
  5192 | D:5      | Found a sand-covered staircase.
  5197 | Ossuary  | Entered an ossuary
  5268 | Ossuary  | Reached skill level 6 in Long Blades
  5276 | Ossuary  | XOM: 3-stop teleportation journey
  5308 | Ossuary  | Xom revived you
  5313 | Ossuary  | Xom revived you
  5314 | Ossuary  | Slain by a scorpion

Illustrated notes

Levels and vault maps discovered:
D:1:      minmay_arrival_five_plusses, layout_basic
D:2:      layout_basic, palyth_stone_intersect
D:3:      layout_loops_cross, lemuel_zombie_altar_kikubaaqudgha,
          lemuel_blue_sif_altar, hangedman_decor_growths
D:4:      layout_rooms, trog_butcher_becter, minmay_temple_entry_crystal_x,
          uniq_grinder, uniq_ijyb
D:5:      layout_basic, nicolae_hepliaklqana_hazy_memory, enter_ossuary_2,
          chequers_jeans, minmay_manual_monstrance, uniq_crazy_yiuf_cottage
Temple:   grunt_temple_mini_profane
Ossuary:  ossuary_minmay_scorpions

Skill      XL: |  1  2  3  4  5  6  7 |
---------------+----------------------+-----
Fighting       | 4 5 |  5.3
Spellcasting   | 1 2 3 |  3.2
Long Blades    | 4 5 6 |  6.0
Dodging        | 3 4 |  4.1

Action                   |  1- 3 |  4- 6 |  7- 9 || total
-------------------------+-------+-------+-------++-------
Melee: Falchion          |    61 |   160 |    66 ||   287
       Tailslap          |     5 |    22 |    14 ||    41
 Abil: Breathe Acid      |       |       |     1 ||     1
  Use: Potion            |       |     8 |     5 ||    13
       Scroll            |       |     5 |     4 ||     9
 Stab: Sleeping          |     1 |       |     1 ||     2
       Petrified         |       |     3 |       ||     3
       Petrifying        |       |     1 |       ||     1
Armor: Skin              |    31 |    58 |    19 ||   108
Dodge: Dodged            |    38 |    95 |    33 ||   166
       Rpst.: Falchion   |    16 |    28 |    12 ||    56

Table legend: (Time is in decaauts)
 A = Elapsed time spent in this place.
 B = Non-inter-level travel time spent in this place.
 C = Inter-level travel time spent in this place.
 D = Time resting spent in this place.
 E = Time spent auto-exploring this place.
 F = Levels seen in this place.
 G = Mean time per level.
                   A        B        C        D        E       F      G
               +--------+--------+--------+--------+--------+-----+--------+
         Total |   5320 |   5106 |    214 |   1704 |   2640 |   7 |  760.0 |
       Dungeon |   4855 |   4679 |    176 |   1665 |   2324 |   5 |  971.0 |
        Temple |    353 |    315 |     38 |      0 |    314 |   1 |  353.0 |
       Ossuary |    111 |    111 |      0 |     39 |      2 |   1 |  111.0 |
               +--------+--------+--------+--------+--------+-----+--------+

Top non-repeatable levels by time:
     D:4: 1460 daAuts
     D:3: 1266 daAuts
     D:2: 1181 daAuts
     D:1: 899 daAuts
  Temple: 353 daAuts
 Ossuary: 111 daAuts
     D:5: 48 daAuts
